 Dungeon Crawl Stone Soup version 0.22-a0-750-ga7dcef7 (webtiles) character file.

673 Hebeh the Magician (level 7, -13/36 HPs)
             Began as a Deep Elf Fire Elementalist on July 15, 2018.
             Mangled by an orc warrior
             ... wielding a +2 scimitar of draining
              (26 damage)
             ... on level 5 of the Dungeon.
             The game lasted 00:26:56 (6227 turns).

Hebeh the Magician (Deep Elf Fire Elementalist)     Turns: 6227, Time: 00:26:57

Health: -13/36     AC:  5    Str:  5    XL:     7   Next: 33%
Magic:  14/18      EV: 13    Int: 22    God:
Gold:   457        SH:  0    Dex: 15    Spells: 9/18 levels left

rFire    + . .     SeeInvis +   b - +0 hunting sling
rCold    x . .     Gourm    .   (no shield)
rNeg     . . .     Faith    .   d - +0 robe
rPois    .         Spirit   .   (no helmet)
rElec    .         Reflect  .   F - +0 cloak
rCorr    .         Harm     .   q - +0 pair of gloves
MR       .....                  G - +0 pair of boots
Stlth    ++........             (no amulet)
HPRegen  0.12/turn              x - ring of see invisible
MPRegen  0.16/turn              s - ring of fire

@: drained
A: no striking features
a: no special abilities


You were on level 5 of the Dungeon.
You were not hungry.

You visited 1 branch of the dungeon, and saw 5 of its levels.
You also visited: Ossuary.

You collected 457 gold pieces.

Inventory:

Hand Weapons
 a - a +1 mace of holy wrath
 b - a +0 hunting sling (weapon)
Missiles
 r - 24 sling bullets (quivered)
 t - 67 bolts
 w - 10 tomahawks
 J - 194 stones
 K - 23 arrows
Armour
 d - a +0 robe (worn)
 q - a +0 pair of gloves (worn)
 F - a +0 cloak (worn)
 G - a +0 pair of boots (worn)
Jewellery
 i - an uncursed ring of protection from cold
 k - an uncursed ring of resist corrosion
 s - a ring of fire (right hand)
 x - a ring of see invisible (left hand)
Scrolls
 f - 6 scrolls of remove curse {unknown}
 g - 3 scrolls of fog {unknown}
 h - a scroll of enchant weapon {unknown}
 j - 2 scrolls of immolation {unknown}
 l - a scroll of magic mapping {unknown}
 o - 3 scrolls of identify {unknown}
 v - a scroll of fear {unknown}
 y - a scroll of torment {unknown}
 A - a scroll of enchant armour {unknown}
 D - 3 scrolls of teleportation {unknown}
 L - a scroll of amnesia {unknown}
Potions
 e - a potion of heal wounds
 m - 6 potions of curing {unknown}
 n - a potion of flight {unknown}
 p - 2 potions of haste {unknown}
 u - 2 potions of might {unknown}
 z - a potion of agility {unknown}
 B - a potion of resistance {unknown}
 C - a potion of lignification {unknown}
 E - a potion of degeneration {unknown}
 I - a potion of mutation {unknown}
Comestibles
 c - 6 rations


   Skills:
 + Level 3.4(2.9) Dodging
 - Level 2.4(2.0) Stealth
 * Level 6.2(5.7) Spellcasting
 * Level 5.5(5.1) Conjurations
 * Level 5.5(5.0) Fire Magic


You had 9 spell levels left.
You knew the following spells:

 Your Spells              Type           Power        Failure   Level  Hunger
a - Flame Tongue          Conj/Fire      #####        1%          1    None
b - Throw Flame           Conj/Fire      #####.       1%          2    None
c - Conjure Flame         Conj/Fire      #####...     3%          3    ##.....
d - Inner Flame           Hex/Fire       ####....     10%         3    ##.....

Your spell library contained the following spells:

 Spells                   Type           Power        Failure   Level  Hunger
 Fireball                 Conj/Fire      #####.....   32%         5    #####..
 Sticky Flame             Conj/Fire      #####...     12%         4    ####...


Dungeon Overview and Level Annotations

Branches:
Dungeon (5/15)
 Temple: D:4-7

Altars:
Ashenzari
Makhleb
Nemelex Xobeh
Xom

Shops:
D:5 }


Message History

The orc warrior hits you with a scimitar of draining!!
Ouch! That really hurt!
You feel drained.
Casting: Flame Tongue (safe; 1% risk of failure)
Confirm with . or Enter, or press ? or * to list all spells.
Aiming: Flame Tongue (safe; 1% risk of failure)
Press: ? - help, Shift-Dir - straight line, f/p - orc warrior
Aim: an orc warrior, wielding a scimitar of draining and wearing a chain mail (heavily wounded)
You feel a surge of power!
The flame tongue hits the orc warrior.
The orc warrior is severely wounded.
Casting: Flame Tongue (safe; 1% risk of failure)
Confirm with . or Enter, or press ? or * to list all spells.
Aiming: Flame Tongue (safe; 1% risk of failure)
Press: ? - help, Shift-Dir - straight line, f/p - orc warrior
Aim: an orc warrior, wielding a scimitar of draining and wearing a chain mail (severely wounded)
You feel a surge of power!
The flame tongue misses the orc warrior.
The orc warrior hits you with a scimitar of draining!!
Ouch! That really hurt!
You die...

#..........
........###..........
#.........#.#.#.###..
#.........#.#.#.# ..
#.........#.#.#.# #>
#.........#.#.#.# # #
#.........#.#.#.#
#.#...o.....#.#.#.#
#.'...@.....#.#.#.#
#####.(.......#.#.#
#.............#.#
#.#########'###.# #.#
#.# #.# #.# #.# ..#
#.# ### #.# #<#


You could see an orc warrior.

Vanquished Creatures
  An ogre (D:4)
  A crimson imp (D:5)
  2 hounds (D:4)
  2 orc priests (D:3)
  An iguana (D:4)
  A worker ant (D:4)
  2 big kobold zombies (Ossuary)
  8 mummies (Ossuary)
  8 adders
  2 river rats (D:4)
  A shadow imp (D:5)
  3 worms
  4 leopard geckos
  18 orcs
  7 bats
  5 giant cockroaches
  2 gnoll zombies (Ossuary)
  8 goblins
  15 hobgoblins
  9 jackals
  15 kobolds
  2 quokkas
  4 ball pythons
  6 frilled lizards
  A giant cockroach zombie (D:5)
  2 hobgoblin zombies (Ossuary)
  A kobold zombie (Ossuary)
  A leopard gecko skeleton (D:4)
  An orc zombie (Ossuary)
  6 rats
139 creatures vanquished.

Notes
Turn   | Place    | Note
-------+----------+-------------------------------------------
     0 | D:1      | Hebeh the Deep Elf Fire Elementalist began the quest for the Orb.
     0 | D:1      | Reached XP level 1. HP: 10/10 MP: 6/6
   572 | D:1      | Reached XP level 2. HP: 15/15 MP: 5/8
   648 | D:1      | Upgraded the game from 0.22-a0-619-ga0c6fd2 to 0.22-a0-750-ga7dcef7
  1405 | D:2      | Reached XP level 3. HP: 13/19 MP: 3/10
  1738 | D:2      | Found a burning altar of Makhleb.
  1738 | D:2      | Found a shimmering altar of Xom.
  1773 | D:2      | Found a shattered altar of Ashenzari.
  1932 | D:2      | Found a sparkling altar of Nemelex Xobeh.
  2370 | D:2      | Reached XP level 4. HP: 24/24 MP: 7/11
  2599 | D:2      | Learned a level 2 spell: Throw Flame
  2603 | D:2      | Learned a level 3 spell: Conjure Flame
  2607 | D:2      | Learned a level 3 spell: Inner Flame
  2654 | D:3      | Reached skill level 4 in Spellcasting
  3062 | D:3      | Reached XP level 5. HP: 14/28 MP: 10/13
  3808 | D:4      | Found a sparkling altar of Nemelex Xobeh.
  3949 | D:4      | Found a sand-covered staircase.
  3954 | Ossuary  | Entered an ossuary
  3996 | Ossuary  | Reached XP level 6. HP: 32/32 MP: 8/15
  3998 | Ossuary  | Reached skill level 5 in Spellcasting
  4450 | Ossuary  | Reached skill level 5 in Conjurations
  4697 | D:4      | Reached skill level 5 in Fire Magic
  5538 | D:4      | Reached skill level 6 in Spellcasting
  5538 | D:4      | Reached XP level 7. HP: 36/36 MP: 7/18
  5971 | D:5      | Entered Level 5 of the Dungeon
  6101 | D:5      | Found Vaiggado's Gadget Boutique.
  6227 | D:5      | Mangled by an orc warrior

Vault maps used:
D:1:      arrival_zaba_pyramid
D:2:      grunt_temple_overflow_open, ashenzari_altar_1, lemuel_doored_altar,
          minmay_three_crescents
D:3:      guppyfry_early_orc_mine
D:4:      corexii_shack_village, enter_ossuary_5, portal_sewer_entry_e,
          first_ration, nemelex_diamond_rough_becter
D:5:      grunt_temple_overflow_cloverleaf, serial_aquarium,
          aquarium_bridge_long_joined, aquarium_window_1, aquarium_window_1,
          aquarium_view_2f, aquarium_pool_corner, serial_shops,
          nicolae_shop_stone
Ossuary:  ossuary_tomb_3

Skill      XL: |  1  2  3  4  5  6 |
---------------+-------------------+-----
Conjurations   | 2 3 4 5 |  5.5
Spellcasting   | 4 6 |  6.2
Fire Magic     | 4 5 |  5.5
Dodging        | 3 |  3.4
Stealth        | |  2.4

Action                   |  1- 3 |  4- 6 |  7- 9 || total
-------------------------+-------+-------+-------++-------
Melee: Unarmed           |     1 |       |       ||     1
       Mace              |     4 |       |     8 ||    12
 Fire: Hunting sling     |       |       |    22 ||    22
Throw: Stone             |    55 |    45 |       ||   100
       Tomahawk          |       |    32 |       ||    32
 Cast: Flame Tongue      |    75 |   173 |    28 ||   276
       Throw Flame       |       |     5 |       ||     5
       Conjure Flame     |       |     1 |       ||     1
       Inner Flame       |       |     1 |       ||     1
  Eat: Chunk             |     4 |     6 |     3 ||    13
       Ration            |       |     1 |       ||     1
Armor: Robe              |     3 |     8 |     4 ||    15
Dodge: Dodged            |    17 |    32 |    14 ||    63

Table legend:
 A = Spawn XP
 B = Non-spawn XP
 C = Spawn XP percentage of total XP
 D = Spawn monster count
 E = Non-spawn monster count
 F = Spawn count percentage of total count
 G = Total turns spent on level
                    A         B        C        D         E        F      G
               +---------+---------+-------+---------+---------+-------+---------
         Total |       0 |     962 |   0.0 |       0 |     139 |   0.0 |  6227
               +---------+---------+-------+---------+---------+-------+---------
           D:1 |       0 |      37 |   0.0 |       0 |      22 |   0.0 |  1398
           D:2 |       0 |      62 |   0.0 |       0 |      21 |   0.0 |  1221
           D:3 |       0 |     217 |   0.0 |       0 |      38 |   0.0 |  1115
           D:4 |       0 |     376 |   0.0 |       0 |      36 |   0.0 |  1578
           D:5 |       0 |      69 |   0.0 |       0 |       6 |   0.0 |   229
       Ossuary |       0 |     201 |   0.0 |       0 |      16 |   0.0 |   686
               +---------+---------+-------+---------+---------+-------+---------
